 Dungeon Crawl Stone Soup version 0.21.0-3-g78d12a8 (webtiles) character file.

121 Enish the Digger (level 5, 0/31 HPs)
             Began as an Octopode Earth Elementalist on Jan 9, 2018.
             Slain by Pikel
             ... wielding a +2 whip of flaming
              (3 damage)
             ... on level 3 of the Dungeon.
             The game lasted 00:16:52 (2005 turns).

Enish the Digger (Octopode Earth Elementalist)      Turns: 2005, Time: 00:16:53

Health: 0/31       AC:  1    Str:  7      XL:     5   Next: 5%
Magic:  1/8        EV: 13    Int: 17 (19) God:
Gold:   141        SH:  0    Dex: 10 (12) Spells: 1/8 levels left

rFire    . . .     SeeInvis .   e - +0 club (curse)
rCold    . . .     Gourm    .   (no shield)
rNeg     . . .     Faith    .   (helmet restricted)
rPois    .         Spirit   .   (no amulet)
rElec    .         Reflect  .   (no ring)
rCorr    .         Harm     .   (no ring)
MR       .....                  (no ring)
Stlth    +++.......             (no ring)
HPRegen  0.10/turn              (no ring)
MPRegen  0.11/turn              (no ring)
                                (no ring)
                                (no ring)

@: no status effects
A: almost no armour, stealthy swim, amphibious, 8 rings, constrict 8, camouflage
1, gelatinous body 1
a: no special abilities


You were on level 3 of the Dungeon.
You were not hungry.

You visited 1 branch of the dungeon, and saw 4 of its levels.

You collected 141 gold pieces.

Inventory:

Hand Weapons
 e - a cursed +0 club (weapon)
 f - a cursed -1 falchion
 g - a +0 vampiric dagger
Missiles
 b - 46 stones (quivered)
Scrolls
 a - a scroll of identify
 i - 2 scrolls of teleportation
 k - a scroll of blinking
Books
 d - a book of Geomancy

   Spells                             Type                      Level
   a - Sandblast                      Earth                        1
   b - Passwall                       Transmutation/Earth          2
   c - Stone Arrow                    Conjuration/Earth            3
   d - Petrify                        Transmutation/Earth          4
   e - Lee's Rapid Deconstruction     Earth                        5
Comestibles
 c - 6 rations


   Skills:
 - Level 2.0 Dodging
 + Level 4.6 Stealth
 - Level 2.0 Spellcasting
 - Level 1.0 Transmutations
 * Level 4.9 Earth Magic


You had one spell level left.
You knew the following spells:

 Your Spells              Type           Power        Failure   Level  Hunger
a - Sandblast             Erth           ###...       2%          1    #......
b - Passwall              Tmut/Erth      ##........   9%          2    ###....
c - Petrify               Tmut/Erth      ##......     50%         4    #####..


Dungeon Overview and Level Annotations

Branches:
Dungeon (4/15)
 Temple: D:4-7

Altars:

Annotations:
D:3 Pikel


Innate Abilities, Weirdness & Mutations

You cannot wear most types of armour.
You are very stealthy in the water. (Stealth+)
You are amphibious.
You can wear up to eight rings at the same time.
You can use your tentacles to constrict eight enemies at once.
Your skin changes colour to match your surroundings (Stealth+).
Your rubbery body absorbs attacks. (AC +1, EV +1)


Message History

b - 47 stones Pikel hits you with a whip of flaming.
Pikel burns you.
Casting: Sandblast
Confirm with . or Enter, or press ? or * to list all spells.
Aiming: Sandblast
Press: ? - help, Shift-Dir - straight line, f/p - Pikel
Aim: Pikel, wielding a whip of flaming and wearing an embroidered robe The blast of sand misses Pikel.
b - 46 stones Pikel hits you with a whip of flaming.
Pikel burns you.
Casting: Sandblast
Confirm with . or Enter, or press ? or * to list all spells.
You don't have enough magic to cast that spell.
Unknown command.
You hit Pikel but do no damage. You grab Pikel.
You squeeze Pikel, but do no damage. You constrict Pikel, but do no damage.
Pikel hits you with a whip of flaming!
* * * LOW HITPOINT WARNING * * *
Pikel burns you.
You die...

####### ############# #......
#####.....<.....#######.#####
#......>.....##..............
#.###.######@##.#............
####.###.......K............##.#
#.............[.##.#...##..###.#
#.##.##...>#............#..# #.#
#.##.##....)...........##.......
#..................#..####.###..
#..#.#..........<..#....##.#...#
#..#.....#.......#.##.#.##..#...
#...........#....#.##....#.# .#.


You could see Pikel.

Vanquished Creatures
  A hound (D:4)
  2 adders
  2 oozes
  3 leopard geckos
  An orc (D:3)
  3 giant cockroaches
  5 goblins
  3 hobgoblins
  8 jackals
  2 quokkas (D:2)
  7 bats
  8 frilled lizards
  11 kobolds (D:3)
  5 rats
61 creatures vanquished.

Notes
Turn   | Place    | Note
-------+----------+-------------------------------------------
     0 | D:1      | Enish the Octopode Earth Elementalist began the quest for the Orb.
     0 | D:1      | Reached XP level 1. HP: 11/11 MP: 3/3
   212 | D:3      | Reached XP level 2. HP: 15/17 MP: 0/5
   316 | D:3      | Reached XP level 3. HP: 19/21 MP: 3/6
   579 | D:1      | Learned a level 2 spell: Passwall
   928 | D:2      | Reached XP level 4. HP: 23/27 MP: 5/7
  1208 | D:4      | Noticed Pikel
  1208 | D:4      | Noticed a slave
  1208 | D:4      | Noticed a slave
  1208 | D:4      | Noticed a slave
  1208 | D:4      | Noticed a slave
  1382 | D:2      | Learned a level 4 spell: Petrify
  1442 | D:3      | HP: 1/27 [jackal (1)]
  1456 | D:3      | HP: 1/27 [kobold (2)]
  1468 | D:3      | HP: 1/27 [hobgoblin/club (1)]
  1728 | D:3      | Reached XP level 5. HP: 23/31 MP: 8/8
  2005 | D:3      | Slain by Pikel

Skill      XL: |  1  2  3 |
---------------+----------+-----
Stealth        | 3 4 |  4.6
Earth Magic    | 4 |  4.9
Dodging        | |  2.0
Spellcasting   | |  2.0
Transmutations | |  1.0

Action                   |  1- 3 |  4- 6 || total
-------------------------+-------+-------++-------
Melee: Unarmed           |     3 |       ||     3
       Club              |    52 |    41 ||    93
       Constrict         |    16 |     7 ||    23
       Tentacles         |     6 |     5 ||    11
 Cast: Sandblast         |    21 |    44 ||    65
       Passwall          |     3 |     2 ||     5
       Petrify           |       |     1 ||     1
  Use: Scroll            |     9 |     3 ||    12
       Potion            |       |     5 ||     5
 Stab: Sleeping          |     3 |     2 ||     5
       Distracted        |     1 |       ||     1
  Eat: Chunk             |       |     3 ||     3
       Ration            |       |     1 ||     1
Armor: Skin              |    21 |     5 ||    26
Dodge: Dodged            |    57 |    60 ||   117
